 Dungeon Crawl Stone Soup version 0.21-a0-584-g185da8e (webtiles) character file.

18 KeeTraxx the Insei (level 2, -1/18 HPs)
             Began as an Octopode Transmuter on Dec 20, 2017.
             Hit by a tomahawk thrown by a kobold (6 damage)
             ... on level 1 of the Dungeon.
             The game lasted 00:01:29 (519 turns).

KeeTraxx the Insei (Octopode Transmuter)             Turns: 519, Time: 00:01:30

Health: -1/18      AC:  1    Str:  9    XL:     2   Next: 70%
Magic:  5/5        EV: 13    Int: 15    God:
Gold:   17         SH:  0    Dex: 12    Spells: 4/5 levels left

rFire    . . .     SeeInvis .     - Unarmed
rCold    . . .     Gourm    .   (no shield)
rNeg     . . .     Faith    .   (helmet restricted)
rPois    .         Spirit   .   (no amulet)
rElec    .         Reflect  .   l - -4 ring of slaying (curse)
rCorr    .         Harm     .   (no ring)
MR       .....                  (no ring)
Stlth    ++........             (no ring)
HPRegen  0.06/turn              (no ring)
MPRegen  0.09/turn              (no ring)
                                (no ring)
                                (no ring)

@: no status effects
A: almost no armour, stealthy swim, amphibious, 8 rings, constrict 8, camouflage
1, gelatinous body 1
a: no special abilities


You were on level 1 of the Dungeon.
You were not hungry.

You visited 1 branch of the dungeon, and saw 1 of its levels.

You collected 17 gold pieces.

Inventory:

Missiles
 a - 29 arrows
 j - 2 javelins (quivered)
Jewellery
 l - a cursed -4 ring of slaying (left tentacle)
Potions
 h - a potion of heal wounds {unknown}
 k - a potion of might {unknown}
Books
 b - a book of Changes

   Spells                             Type                      Level
   a - Beastly Appendage              Transmutation                1
   b - Sticks to Snakes               Transmutation                2
   c - Spider Form                    Transmutation/Poison         3
   d - Ice Form                       Ice/Transmutation            4
   e - Blade Hands                    Transmutation                5
Comestibles
 c - a ration
 f - 5 chunks of flesh


   Skills:
 + Level 1.0 Fighting
 - Level 2.0 Dodging
 + Level 3.6 Unarmed Combat
 + Level 2.2 Spellcasting
 + Level 2.1 Transmutations


You had 4 spell levels left.
You knew the following spells:

 Your Spells              Type           Power        Failure   Level  Hunger
a - Beastly Appendage     Tmut           #.....       9%          1    #......


Dungeon Overview and Level Annotations

Branches:
Dungeon (1/15)

Altars:


Innate Abilities, Weirdness & Mutations

You cannot wear most types of armour.
You are very stealthy in the water. (Stealth+)
You are amphibious.
You can wear up to eight rings at the same time.
You can use your tentacles to constrict eight enemies at once.
Your skin changes colour to match your surroundings (Stealth+).
Your rubbery body absorbs attacks. (AC +1, EV +1)


Message History

You kill the goblin!
Things that are here:
a club; a dagger
As you read the scroll labeled QIWUBIHUCI, it crumbles to dust.
It is a scroll of identify.
d - 2 potions of degeneration Drop what? 9/52 slots (_ for help) (? for menu, Esc to quit)
You drop 2 potions of degeneration.
Your tentacle spike disappears.
You see here a hand axe.
A kobold comes into view.
Found 23 arrows.
A kobold is nearby!
The kobold shouts!
The kobold throws a tomahawk.
The tomahawk hits you.
* * * LOW HITPOINT WARNING * * *
You see here a tomahawk.
You are too injured to fight recklessly!
The kobold throws a tomahawk.
The tomahawk hits you.
You die...

#......## #..........####..,
#......## #..♣......## **,,
#..†....# #..♣♣.....# *,,
#.......####..♣......# *,,
#.......##.#.........#* **,,
#.....................#***,,,
#######.)###.............,,,,
#....##............,,,,
##.#.#@..[.♣♣......,,,,
##...#(....♣......,,,,
##.###.##........,,,, #.#
*.(.,,..,,*,,,,, #.#
*#....,,,***,,,, #.#
*..###**,*,,***
#.#***.K#****,*,**
#..,,,,..,,,,,,,,***
###***,.##***,,,,,,,


You could see a kobold.

Vanquished Creatures
  A dart slug (D:1)
  A leopard gecko (D:1)
  A bat (D:1)
  A giant cockroach (D:1)
  4 goblins (D:1)
  2 hobgoblins (D:1)
  2 kobolds (D:1)
  A rat (D:1)
13 creatures vanquished.

Notes
Turn   | Place    | Note
-------+----------+-------------------------------------------
     0 | D:1      | KeeTraxx the Octopode Transmuter began the quest for the Orb.
     0 | D:1      | Reached XP level 1. HP: 13/13 MP: 3/3
   238 | D:1      | Reached XP level 2. HP: 11/18 MP: 3/5
   519 | D:1      | Hit by a tomahawk thrown by a kobold

Vault maps used:
D:1:      minmay_arrival_up_and_down, kennysheep_decorative_pillar

Action                   || total
-------------------------++-------
Melee: Unarmed           ||    36
       Constrict         ||     8
       Kick              ||     3
       Tentacles         ||     3
 Cast: Beastly Appendage ||     7
  Use: Scroll            ||     4
Armor: Skin              ||     3
Dodge: Dodged            ||    18

Table legend:
 A = Spawn XP
 B = Non-spawn XP
 C = Spawn XP percentage of total XP
 D = Spawn monster count
 E = Non-spawn monster count
 F = Spawn count percentage of total count
 G = Total turns spent on level
                    A         B        C        D         E        F      G
               +---------+---------+-------+---------+---------+-------+---------
         Total |       0 |      27 |   0.0 |       0 |      13 |   0.0 |   519
               +---------+---------+-------+---------+---------+-------+---------
           D:1 |       0 |      27 |   0.0 |       0 |      13 |   0.0 |   519
               +---------+---------+-------+---------+---------+-------+---------
